 Dungeon Sprint DCSS version 0.19.0-2-gae57169 (webtiles) character file.

58 poirepourri the Summoner (level 4, 0/24 HPs)
             Began as a Tengu Summoner on Nov 3, 2016.
             Slain by Sigmund
             ... wielding a +0 scythe of venom
              (7 damage)
             ... in the Dungeon (Sprint I: "Red Sonja").
             The game lasted 00:00:44 (482 turns).

poirepourri the Summoner (Tengu Summoner)            Turns: 482, Time: 00:00:45

Health: 0/24       AC:  2    Str:  8    XL:     4   Next: 2%
Magic:  2/10       EV: 13    Int: 17    God:
Gold:   54         SH:  0    Dex: 14    Spells: 4 memorised, 1 level left

rFire  . . .     SeeInvis .     (no weapon)
rCold  . . .     Gourm    .     a - +0 robe
rNeg   . . .     Faith    .     (no shield)
rPois  .         Spirit   .     (helmet restricted)
rElec  .         Reflect  .     (no cloak)
rCorr  .         Harm     .     (no gloves)
MR     .....     NoTele   +     (boots unavailable)
Stlth  +.........               (no amulet)
                                (no ring)
                                (no ring)

@: confused, lethally poisoned (0 -> -16), exhausted, slowed, very slow
A: beak, talons 3
a: no special abilities


You were in the Dungeon.
You were not hungry.

You visited 1 branch You collected 54 gold pieces.

Inventory:

Armour
 a - a +0 robe (worn)
Scrolls
 i - a scroll of blinking
Potions
 d - a potion of curing
 e - a potion of heal wounds
 f - a potion of haste
 g - 2 potions of magic
Books
 b - a book of Callings

   Spells                             Type                      Level
   a - Summon Small Mammal            Summoning                    1
   b - Call Imp                       Summoning                    2
   c - Call Canine Familiar           Summoning                    3
   d - Summon Guardian Golem          Hexes/Summoning              3
   e - Summon Lightning Spire         Summoning/Air                4
   f - Summon Ice Beast               Ice/Summoning                4
Comestibles
 c - a bread ration


   Skills:
 + Level 3.2 Dodging
 + Level 2.3 Stealth
 + Level 3.5 Spellcasting
 + Level 8.9 Summonings


You had one spell level left.
You knew the following spells:

 Your Spells              Type           Power        Failure   Level  Hunger
a - Summon Small Mammal   Summ           ####         1%          1    None
b - Call Imp              Summ           ####....     1%          2    ##.....
c - Call Canine Familiar  Summ           ####....     1%          3    ###....
d - Summon Guardian Gole  Hex/Summ       ###.....     10%         3    ###....


Dungeon Overview and Level Annotations

Branches:
Dungeon (1/1)

Altars:

Annotations:
D Sigmund


Innate Abilities, Weirdness & Mutations

You have a beak for a mouth.
You have claws for feet.


Message History

Ouch! That really hurt!
You are lethally poisoned!
Your crimson imp hits Sigmund.
Your hound barely misses you.
Your crimson imp closely misses Sigmund.
You catch the helpless Sigmund completely off-guard!
You hit Sigmund but do no damage. Your kick misses Sigmund.
Sigmund is severely wounded.
You feel very sick.
Your hound bites your crimson imp.
Sigmund closely misses you.
Your crimson imp barely misses Sigmund.
Unknown command.
You hit Sigmund. Your kick misses Sigmund.
Sigmund is severely wounded.
* * * LOW HITPOINT WARNING * * *
You feel sick.
Your hound barely misses Sigmund.
Sigmund casts a spell at you.
You are confused.
Your crimson imp hits Sigmund.
Your hound closely misses you.
Your crimson imp barely misses Sigmund.
Sigmund hits you with a scythe of venom!
You die...

#############
#<.#..)..#h@+
#..)..#..5@5#
#..#####'####
#..# #..#
#..# ####
#..# #⌠⌠#
####


You could see Sigmund, a friendly hound (confused) and 2 friendly crimson imps.

Vanquished Creatures (collateral kills)
  An ogre (D)
  Ijyb (D)
2 creatures vanquished.

Vanquished Creatures (others)
  A gargoyle (D)
1 creature vanquished.

Grand Total: 3 creatures vanquished

Notes
Turn   | Place    | Note
-------+----------+-------------------------------------------
     0 | D        | poirepourri the Tengu Summoner began the quest for the Orb.
     0 | D        | Reached XP level 1. HP: 10/10 MP: 4/4
     2 | D        | Noticed Ijyb
    22 | D        | Killed Ijyb
    22 | D        | Reached skill level 7 in Summonings
    22 | D        | Reached XP level 2. HP: 2/15 MP: 0/6
   221 | D        | Learned a level 2 spell: Call Imp
   358 | D        | Noticed an ogre
   374 | D        | Killed an ogre
   374 | D        | Reached skill level 8 in Summonings
   374 | D        | Reached XP level 3. HP: 19/19 MP: 1/9
   374 | D        | Reached XP level 4. HP: 24/24 MP: 1/10
   434 | D        | Killed a gargoyle
   454 | D        | Learned a level 3 spell: Call Canine Familiar
   458 | D        | Learned a level 3 spell: Summon Guardian Golem
   472 | D        | Noticed Sigmund
   482 | D        | Slain by Sigmund

Skill      XL: |  1  2 |
---------------+-------+-----
Summonings     | 7 8 |  8.9
Dodging        | 3 |  3.2
Spellcasting   | 3 |  3.5
Stealth        | |  2.3

Action                   |  1- 3 |  4- 6 || total
-------------------------+-------+-------++-------
Melee: Unarmed           |     2 |     8 ||    10
       Kick              |     1 |     1 ||     2
       Peck              |       |     1 ||     1
 Cast: Summon Small Mamm |     8 |       ||     8
       Call Imp          |     2 |     2 ||     4
       Call Canine Famil |       |     2 ||     2
  Use: Potion            |       |     1 ||     1
 Stab: Distracted        |       |     1 ||     1
Dodge: Dodged            |     2 |     7 ||     9
